 Dungeon Crawl Stone Soup version 0.29-a0-378-gc08b2e8bf8 (webtiles) character file.

Game seed: 17897841563704105006

252 happo123 the Ruffian (level 5, -2/53 HPs)
             Began as a Troll Berserker on May 5, 2022.
             Was a Believer of Trog.
             Succumbed to an orc wizard's poison
             ... on level 4 of the Dungeon.
             The game lasted 00:10:22 (2010 turns).

happo123 the Ruffian (Troll Berserker)              Turns: 2010, Time: 00:10:22

Health: -2/53      AC:  4    Str: 27    XL:     5   Next: 89%
Magic:  4/4        EV: 10    Int:  3    God:    Trog [**....]
Gold:   192        SH:  0    Dex:  9    Spells: 4/4 levels left

rFire   . . .      SeeInvis .   l - +3 scythe (vamp)
rCold   . . .      Faith    +   (shield currently unavailable)
rNeg    . . .      Spirit   .   a - +0 animal skin
rPois   .          Reflect  .   (helmet restricted)
rElec   .          Harm     .   (no cloak)
rCorr   .          Rampage  .   (gloves unavailable)
Will    +....                   (boots unavailable)
Stlth   +.........              i - amulet of faith
HPRegen 0.97/turn               b - ring of willpower
MPRegen 0.09/turn               (no ring)

@: lethally poisoned (-2 -> -18), on berserk cooldown, slowed, very slow
A: large, unfitting armour, claws 3, regeneration 1, shaggy fur 1, tough skin 1
a: Renounce Religion, Berserk, Trog's Hand


You were on level 4 of the Dungeon.
You worshipped Trog.
Trog was pleased with you.
You visited 1 branch of the dungeon, and saw 6 of its levels.

You collected 192 gold pieces.

Inventory:

Hand Weapons
 l - a +3 vampiric scythe (weapon)
 s - a +0 war axe
Missiles
 m - 2 throwing nets (quivered)
Armour
 a - a +0 animal skin (worn)
Jewellery
 b - a ring of willpower (left claw)
 i - an amulet of faith (around neck)
 n - an amulet of guardian spirit
Scrolls
 e - a scroll of teleportation {unknown}
 f - a scroll of vulnerability {unknown}
 g - 2 scrolls of fear {unknown}
 h - a scroll of immolation {unknown}
 k - 3 scrolls of identify {unknown}
 o - a scroll of acquirement {unknown}
 p - a scroll of enchant armour {unknown}
 t - a scroll of magic mapping {unknown}
 w - a scroll of silence {unknown}
Potions
 c - 2 potions of degeneration {unknown}
 d - 7 potions of curing {unknown}
 j - 2 potions of invisibility {unknown}
 q - a potion of brilliance {unknown}
 r - a potion of berserk rage {unknown}
 u - a potion of mutation {unknown}
 v - a potion of attraction {unknown}
 x - 2 potions of might {unknown}
 z - a potion of haste {unknown}
 A - a potion of cancellation {unknown}


   Skills:
 + Level 3.3 Fighting
 + Level 0.6 Polearms
 + Level 3.4 Dodging
 + Level 0.1 Stealth
 + Level 5.0 Unarmed Combat


You had 4 spell levels left.
You didn't know any spells.
Your spell library was empty.

Dungeon Overview and Level Annotations

Branches:
Dungeon (6/15)
 Temple: D:4-7

Altars:

Shops:
D:3 [

Annotations:
D:4 Natasha


Innate Abilities, Weirdness & Mutations

You are too large for most types of armour.
You have claws for hands.
Your natural rate of healing is unusually fast.
You are covered in fur. (AC +1)
You have tough skin. (AC +1)


Message History

You feel the effects of Trog's Hand fading.
You feel very sick. Natasha claws you but does no damage.
The orc barely misses you. Something hits you.
You are more poisoned.
The orc hits you with a +0 dagger.
You miss something.
You feel extremely sick. Natasha closely misses you. The orc barely misses you.
Something hits you.
You are more poisoned.
The orc barely misses you. Natasha claws you.
* * * LOW HITPOINT WARNING * * *
You miss something.
You feel very sick. The orc hits you with a +0 dagger.
* * * LOW HITPOINT WARNING * * *
Something hits you.
* * * LOW HITPOINT WARNING * * *
The orc barely misses you.
Natasha mumbles some strange words.
The orc hits you but does no damage. Something hits you.
* * * LOW HITPOINT WARNING * * *
You are more poisoned.
The orc hits you with a +0 dagger.
* * * LOW HITPOINT WARNING * * *
You barely miss Natasha.
* * * LOW HITPOINT WARNING * * *
You feel extremely sick. Natasha closely misses you.
The orc hits you but does no damage. Something hits you.
* * * LOW HITPOINT WARNING * * *
You are lethally poisoned!
The orc hits you but does no damage.
The crimson imp blinks!
Natasha closely misses you.
You barely miss something.
You are no longer berserk.
You are exhausted.
You feel yourself slow down.
Your skin stops crawling.
You feel less strong-willed.
You die...

### .. .#
###o#####.
##.h{rgg...
#..@oogg...
#.<#o#####.
#..#.#
#..#.#
#5.#.#
#....#
#.#... #.
.## #. .#


You could see Natasha, a crimson imp (summoned), 4 orcs, a quokka, a hobgoblin
and 3 goblins.

Vanquished Creatures
  Sigmund (D:2)
  4 adders
  2 dart slugs (D:2)
  2 orcs
  6 ball pythons
  5 bats
  5 endoplasms
  A giant cockroach (D:1)
  6 goblins
  3 hobgoblins
  2 jackals (D:1)
  2 quokkas (D:3)
  3 frilled lizards
  4 kobolds
  5 rats
51 creatures vanquished.

Notes
Turn   | Place    | Note
-------+----------+-------------------------------------------
     0 | D:1      | happo123 the Troll Berserker began the quest for the Orb.
     0 | D:1      | Reached XP level 1. HP: 22/22 MP: 0/0
   347 | D:1      | Reached XP level 2. HP: 29/29 MP: 1/1
   857 | D:2      | Reached XP level 3. HP: 33/36 MP: 2/2
   901 | D:2      | Reached ** piety under Trog
   962 | D:2      | Noticed Sigmund
   971 | D:2      | Killed Sigmund
   972 | D:2      | Reached skill level 4 in Unarmed Combat
   972 | D:2      | Reached XP level 4. HP: 45/45 MP: 3/3
   972 | D:2      | Reached XP level 5. HP: 53/53 MP: 4/4
  1278 | D:3      | Found Likhlev's Antique Armour Shop.
  1303 | D:3      | You fall into a shaft and drop 3 floors!
  1308 | D:5      | Entered Level 5 of the Dungeon
  1313 | D:5      | Reached skill level 5 in Unarmed Combat
  1785 | D:3      | Found a faded altar of an unknown god.
  1997 | D:4      | Noticed Natasha
  2010 | D:4      | Succumbed to an orc wizard's poison

Illustrated notes

Levels and vault maps discovered:
D:1:      eino_arrival_cavern_c, layout_loops_corners
D:2:      layout_rooms, uniq_sigmund
D:3:      layout_basic, serial_shops, nicolae_shop_advertising_works
          [nicolae_subvault_shop_adworks], ebering_ecumenical_altar_rust,
          minmay_fountain_box
D:4:      layout_loops_ring, kennysheep_generic_room_7, uniq_robin, uniq_natasha
D:5:      layout_loops_cross, chequers_serial_rivers_room_b,
          minmay_misc_feat_five, corexii_item_surrounded_by_moat,
          minmay_strange_pillars, kennysheep_potato
D:6:      layout_rooms, minmay_temple_entry_statues_pillars, uniq_grinder,
          uniq_crazy_yiuf_cottage, uniq_duvessa

Skill      XL: |  1  2  3  4  5 |
---------------+----------------+-----
Fighting       | 3 |  3.3
Dodging        | 3 |  3.4
Unarmed Combat | 4 5 |  5.0
Polearms       | |  0.6
Stealth        | |  0.1

Action                   |  1- 3 |  4- 6 || total
-------------------------+-------+-------++-------
Melee: Unarmed           |    70 |       ||    70
       Punch             |     2 |       ||     2
       Scythe            |       |    85 ||    85
Invok: Berserk           |     1 |     1 ||     2
       Trog's Hand       |       |     1 ||     1
Armor: Animal skin       |    26 |    48 ||    74
Dodge: Dodged            |    23 |   109 ||   132

Table legend: (Time is in decaauts)
 A = Elapsed time spent in this place.
 B = Non-inter-level travel time spent in this place.
 C = Inter-level travel time spent in this place.
 D = Time resting spent in this place.
 E = Time spent auto-exploring this place.
 F = Levels seen in this place.
 G = Mean time per level.
                   A        B        C        D        E       F      G
               +--------+--------+--------+--------+--------+-----+--------+
         Total |   2087 |   1798 |    289 |      0 |   1357 |   6 |  347.8 |
       Dungeon |   2087 |   1798 |    289 |      0 |   1357 |   6 |  347.8 |
               +--------+--------+--------+--------+--------+-----+--------+

Top non-repeatable levels by time:
     D:1: 839 daAuts
     D:3: 688 daAuts
     D:2: 404 daAuts
     D:5: 92 daAuts
     D:4: 57 daAuts
     D:6: 4 daAuts
